 Dungeon Crawl Stone Soup version 0.28.0-55-gcd9437bce4 (webtiles) character file.

Game seed: 14391939560696675612

87789 tkbsonic5 the Magus (level 15, -20/121 HPs)
             Began as a Demonspawn Artificer on Jan 15, 2023.
             Was an Elder of Nemelex Xobeh.
             Demolished by an ettin
             ... wielding a +0 dire flail
              (29 damage)
             ... on level 12 of the Dungeon on Jan 17, 2023.
             The game lasted 03:06:28 (30926 turns).

tkbsonic5 the Magus (Demonspawn Artificer)         Turns: 30926, Time: 03:06:29

Health: -20/121    AC: 23    Str: 20    XL:     15   Next: 44%
Magic:  24/24      EV:  9    Int: 13    God:    Nemelex Xobeh [****..]
Gold:   1757       SH: 15    Dex: 21    Spells: 14/14 levels left

rFire   . . .      SeeInvis +   y - +9 mace of Foul Odours {flame, Str+2}
rCold   . . .      Faith    .   C - +2 kite shield
rNeg    . . .      Spirit   .   G - +1 plate armour
rPois   .          Reflect  .   u - +0 helmet {SInv}
rElec   .          Harm     .   e - +2 cloak
rCorr   .          Rampage  .   (no gloves)
Will    ++...                   (boots unavailable)
Stlth   ..........              d - amulet of magic regeneration
HPRegen 0.30/turn               R - +6 ring of dexterity
MPRegen 0.59/turn               F - ring of willpower

@: studying Shields
A: hooves 3, slimy green scales 2, powered by death 2, demonic magic 2
a: Renounce Religion, Draw Escape, Draw Destruction, Draw Summoning, Triple
Draw, Deal Four


You were on level 12 of the Dungeon.
You worshipped Nemelex Xobeh.
Nemelex Xobeh was greatly pleased with you.
You visited 4 branches of the dungeon, and saw 23 of its levels.

You collected 1973 gold pieces.
You spent 216 gold pieces at shops.

Inventory:

Hand Weapons
 g - a +1 dagger of distortion
 h - a +3 vorpal hunting sling
 o - a +6 great mace of protection
 x - a +3 rapier of flaming
 y - the +9 mace of Foul Odours (weapon) {flame, Str+2}
   (You bought it in a shop on level 9 of the Dungeon)

   It burns those it strikes, dealing additional fire damage.
   Str:       It affects your strength (+2).
Missiles
 r - 167 sling bullets
 A - 14 poisoned darts
 Q - 2 atropa-tipped darts
 U - 6 javelins (quivered)
Armour
 c - the +2 helmet of Jel Poh {Str+5}
   (You found it on level 13 of the Dungeon)

   Str:       It affects your strength (+5).
 e - a +2 cloak (worn)
 p - a +0 troll leather armour
 u - a +0 helmet of see invisible (worn)
 C - a +2 kite shield (worn)
 D - the +1 leather armour of the Sky {rPois Str+4 Dex-2 SInv}
   (You found it on level 7 of the Dungeon)

   Str:       It affects your strength (+4).
   Dex:       It affects your dexterity (-2).
   rPois:     It protects you from poison.
   SInv:      It lets you see invisible.
 G - a +1 plate armour (worn)
 J - the +8 scale mail "Yckom" {Harm}
   (You found it on level 7 of the Dungeon)

   Harm:      It increases damage dealt and taken.
 P - a +1 tower shield
Jewellery
 d - an amulet of magic regeneration (around neck)
 l - a ring of poison resistance
 n - a ring of positive energy
 q - a ring of positive energy
 t - a ring of ice
 v - a ring of protection from fire
 z - a ring of resist corrosion
 F - a ring of willpower (right hand)
 I - a +4 ring of evasion
 R - a +6 ring of dexterity (left hand)
 W - a ring of protection from cold
Wands
 f - a wand of digging (7)
Scrolls
 j - a scroll of amnesia
 L - 2 scrolls of silence
 M - a scroll of magic mapping
 T - 2 scrolls of teleportation
 V - 4 scrolls of identify
Potions
 a - 2 potions of magic
 i - 5 potions of ambrosia
 k - a potion of cancellation
 m - a potion of brilliance
 B - 3 potions of mutation
 N - a potion of flight
Miscellaneous
 E - a phantom mirror (inert)


   Skills:
 * Level 12.2 Fighting
 * Level 10.5 Maces & Flails
 - Level 2.8 Polearms
 * Level 9.4 Throwing
 * Level 9.7 Armour
 + Level 7.7 Dodging
 - Level 0.8 Stealth
 + Level 11.6 Shields
 - Level 12.4 Invocations
 - Level 8.5 Evocations


You had 14 spell levels left.
You didn't know any spells.
Your spell library contained the following spells:

 Spells                   Type           Power      Damage    Failure   Level
 Animate Skeleton         Necr           0%         N/A       100%        1
 Beastly Appendage        Tmut           0%         N/A       100%        1
 Pain                     Necr           0%         1d4       100%        1
 Sandblast                Erth           0%         2d4       100%        1
 Passwall                 Tmut/Erth      0%         N/A       100%        2
 Scorch                   Fire           0%         2d5       100%        2
 Wereblood                Tmut           0%         N/A       100%        2
 Spider Form              Tmut/Pois      0%         N/A       100%        3
 Stone Arrow              Conj/Erth      0%         3d7       100%        3
 Vampiric Draining        Necr           0%         2d6       100%        3
 Animate Dead             Necr           0%         N/A       100%        4
 Dispel Undead            Necr           0%         3d6       100%        4
 Flame Wave               Conj/Fire      0%         2d4       100%        4
 Petrify                  Tmut/Erth      0%         N/A       100%        4
 Excruciating Wounds      Necr           0%         N/A       100%        5
 Metabolic Englaciation   Hex/Ice        0%         N/A       100%        5
 Statue Form              Tmut/Erth      0%         N/A       100%        6
 Summon Cactus Giant      Summ           0%         N/A       100%        6
 Haunt                    Necr/Summ      0%         N/A       100%        7


Dungeon Overview and Level Annotations

Branches:
Dungeon (15/15)            Temple (1/1) D:5            Lair (6/6) D:11
 Shoals (0/4) Lair:4        Snake (0/4) Lair:3        Slime (0/5) Lair:5
    Orc (1/2) D:12         Vaults (0/5) D:14         Depths (0/4) D:15

Altars:
Ashenzari
Cheibriados
Dithmenos
Elyvilon
Fedhas
Gozag
Hepliaklqana
Kikubaaqudgha
Makhleb
Nemelex Xobeh
Okawaru
Qazlal
Ru
Sif Muna
Trog
Uskayaw
Vehumet
Wu Jian
Xom
Yredelemnul
Zin
The Shining One
Jiyva
Lugonu

Shops:
D:8 *   D:9 (

Annotations:
D:3 2 runed translucent doors, THTSBRD's ghost, amateur GnWn
D:5 1 runed translucent door, Crazy Yiuf
D:8 3 runed translucent doors, bronco's ghost, journeyman HuMo
D:11 2 transporters
D:13 2 transporters, cbfl8's ghost, journeyman MiBe
Lair:6 1 runed translucent door


Innate Abilities, Weirdness & Mutations

You have hooves in place of feet.
You are mostly covered in slimy green scales. (AC +3)
You regenerate health from kills.
Spells you cast may paralyse nearby enemies.


Message History

Saving game... please wait.
Welcome back, tkbsonic5 the Demonspawn Artificer.
Nemelex Xobeh says: It's all in the cards!
Press ? for a list of commands and other information.
An orc warrior comes into view. It is wielding a +0 war axe.
The orc knight roars a battlecry!
The orcs go into a battle-frenzy!
The ettin hits you with a +0 dire flail!!
The ettin hits you with a +0 dire flail!
You climb upwards.
Welcome back to the Dungeon!
There is a staircase to the Orcish Mines here.
Okay, then.
You don't know any spells.
Okay, then.
Okay, then.
Okay, then.
Okay, then.
You sock the ettin! You burn the ettin. You kick the ettin.
The ettin is moderately wounded.
The ettin hits you with a +0 dire flail!!
You block the ettin's attack.
You hit the ettin but do no damage. You kick the ettin.
The ettin is moderately wounded.
The ettin barely misses you. You block the ettin's attack.
You hit the ettin. You burn the ettin. You kick the ettin!
The ettin is heavily wounded.
You block the ettin's attack.
The ettin hits you with a +0 dire flail.
You sock the ettin! You burn the ettin. You kick the ettin.
The ettin is severely wounded.
The ettin hits you with a +0 dire flail!!
* * * LOW HITPOINT WARNING * * *
You block the ettin's attack.
You hit the ettin. You burn the ettin. You kick the ettin, but do no damage.
The ettin is severely wounded.
The ettin hits you with a +0 dire flail!!
* * * LOW HITPOINT WARNING * * *
The ettin hits you with a +0 dire flail!!
You die...
Your body glows with a rainbow of weird colours and disappears.

..###...####..###8###8#...##.##..
#######.# #..##########.........#
8###8#..###.###....#####.......##
.........#.......#......)......#
...............................##
...........##########....).......
###..........# #.............
#...........# #####.............
#.#....#....###@##..#...........
##^#.............C..###..........
......###.....###########..#.####
..............# #.........##.#
........#.....# #........###.#
........##....###........# #.#
#8###8###...........>....###.#
########...######............# #
##......## #........###.#


You could see an ettin.

Vanquished Creatures
  A sphinx (D:14)
  Gastronok (Lair:3)
  An ironbound preserver (D:14)
  A fire dragon (D:14)
  Harold (D:8)
  3 boulder beetles
  4 hydras
  2 ogre magi (D:15)
  3 centaur warriors (D:15)
  Erica (D:8)
  A catoblepas (Lair:4)
  2 death knights
  7 two-headed ogres (D:15)
  2 tengu warriors (D:13)
  3 skeletal warriors
  A swamp dragon (Lair:6)
  3 lindwurms (Lair:6)
  2 deep elf pyromancers (D:15)
  5 manticores
  A wolf spider (D:15)
  2 elephants (Lair:6)
  3 ugly things
  3 cyclopes
  2 merfolk sirens (Lair:4)
  5 black mambas
  2 gargoyles
  14 cane toads
  3 torpor snails (Lair:6)
  8 rime drakes
  An efreet (D:14)
  A rime drake (shapeshifter) (D:13)
  A freezing wraith (D:14)
  13 komodo dragons
  4 red devils (D:13)
  A tengu conjurer (D:8)
  A meliai (Lair:6)
  3 queen bees (Lair:6)
  3 polar bears
  8 hornets
  3 wind drakes
  17 blink frogs
  2 slime creatures (D:15)
  Prince Ribbit (D:5)
  7 trolls
  2 tyrant leeches (Lair:6)
  A dream sheep (Lair:5)
  2 raiju (shapeshifter)
  A slime creature (shapeshifter) (D:14)
  A shadow (D:12)
  A centaur simulacrum (D:14)
  2 wraiths
  2 water elementals (D:11)
  A vampire (D:11)
  5 wyverns
  A yak (shapeshifter) (D:15)
  5 steam dragons
  51 yaks
  7 basilisks
  A basilisk (shapeshifter) (D:15)
  Grum (D:8)
  A hog (Lair:6)
  2 vampire mosquitoes
  A redback (Lair:4)
  A swamp worm (D:14)
  2 nagas (Lair:3)
  An acid dragon (D:7)
  13 water moccasins
  7 orc warriors
  3 sky beasts
  An ice beast (D:7)
  3 black bears
  2 tengu
  5 ogres
  12 centaurs
  4 phantoms
  12 wolves
  A kobold brigand (D:9)
  2 gnoll sergeants
  11 bullfrogs
  3 scorpions
  A wyvern zombie (D:6)
  2 water moccasin skeletons (D:5)
  24 killer bees
  A howler monkey (D:6)
  2 electric eels (Lair:1)
  A bullfrog zombie (D:7)
  4 hounds (D:11)
  4 centaur zombies
  5 orc priests
  A jelly (D:7)
  A centaur skeleton (D:4)
  Natasha (thrice) (D:3)
  10 orc wizards
  4 iguanas
  9 hell rats (Lair:4)
  3 hound skeletons
  Robin (D:3)
  4 adders
  10 gnolls
  12 river rats
  2 shadow imps
  A white imp (D:8)
  An ufetubus (D:6)
  A worm (D:7)
  2 dart slugs
  60 orcs
  2 ball pythons
  7 endoplasms
  2 giant cockroaches
  11 goblins
  7 hobgoblins
  3 jackals (D:1)
  9 quokkas
  4 bats
  3 frilled lizards
  14 kobolds
  25 rats
580 creatures vanquished.

Vanquished Creatures (collateral kills)
  A very ugly thing (D:15)
  A great orb of eyes (D:15)
  A boulder beetle (Lair:4)
  A rakshasa (D:15)
  A catoblepas (D:14)
  2 hydras
  2 two-headed ogres
  Sonja (D:12)
  A deep elf pyromancer (D:15)
  4 ugly things
  A torpor snail (Lair:6)
  A cane toad (Lair:6)
  9 dream sheep
  4 blink frogs (Lair:6)
  A yak (Lair:1)
  A vampire mosquito (D:14)
  A swamp drake (D:14)
  An ogre (D:7)
  A kobold brigand (D:7)
  A wyvern skeleton (D:5)
  A killer bee (Lair:6)
  A centaur skeleton (D:7)
  An orc wizard (D:6)
  7 orcs
  An endoplasm (D:3)
  5 goblins (D:3)
  A hobgoblin (D:3)
  A rat (D:3)
54 creatures vanquished.

Vanquished Creatures (others)
  A centaur warrior (D:13)
  An orc (D:3)
  A ball python (D:3)
  2 goblins (D:3)
  A hobgoblin (D:3)
  A quokka (D:1)
  2 kobolds (D:1)
  32 fungi
  39 plants
80 creatures vanquished.

Grand Total: 714 creatures vanquished

Notes
Turn   | Place    | Note
-------+----------+-------------------------------------------
     0 | D:1      | tkbsonic5 the Demonspawn Artificer began the quest for the
                  | Orb.
     0 | D:1      | Reached XP level 1. HP: 15/15 MP: 1/1
   330 | D:1      | Gained mutation: You have large cloven feet. [demonic
                  | ancestry]
   330 | D:1      | Reached XP level 2. HP: 22/22 MP: 2/2
  1004 | D:1      | Gained mutation: Spells you cast may paralyse adjacent
                  | enemies. [demonic ancestry]
  1004 | D:1      | Reached XP level 3. HP: 28/28 MP: 3/3
  1293 | D:2      | Reached skill level 1 in Maces & Flails
  1904 | D:2      | Found a faded altar of an unknown god.
  2609 | D:3      | Noticed Robin
  2636 | D:3      | Gained mutation: You regenerate a little health from kills.
                  | [demonic ancestry]
  2636 | D:3      | Reached XP level 4. HP: 29/34 MP: 4/4
  2654 | D:3      | Killed Robin
  2781 | D:3      | Noticed Natasha
  2798 | D:3      | Killed Natasha
  2975 | D:3      | Reached XP level 5. HP: 29/41 MP: 5/5
  3201 | D:3      | Reached skill level 1 in Shields
  3358 | D:3      | Found a large runed translucent door.
  3359 | D:3      | Found a large runed translucent door.
  3361 | D:3      | Noticed THTSBRD's ghost (amateur GnWn)
  3412 | D:3      | Noticed Natasha
  3415 | D:3      | Killed Natasha
  3613 | D:3      | Noticed Natasha
  3620 | D:3      | Killed Natasha
  3835 | D:4      | Noticed an ogre
  4036 | D:4      | Reached XP level 6. HP: 47/48 MP: 6/6
  4373 | D:4      | Reached skill level 1 in Throwing
  4619 | D:4      | Found a burning altar of Makhleb.
  4627 | D:4      | Found a hazy altar of Hepliaklqana.
  4762 | D:5      | Entered Level 5 of the Dungeon
  4767 | D:5      | Found a staircase to the Ecumenical Temple.
  4781 | Temple   | Entered the Ecumenical Temple
  4861 | Temple   | Became a worshipper of Nemelex Xobeh the Trickster
  5013 | D:5      | Reached XP level 7. HP: 54/54 MP: 7/7
  5023 | D:5      | Reached skill level 1 in Invocations
  5244 | D:5      | Found a runed translucent door.
  5246 | D:5      | Noticed Crazy Yiuf
  5267 | D:5      | Found a stormy altar of Qazlal.
  5477 | D:5      | Noticed Prince Ribbit
  5496 | D:5      | Killed Prince Ribbit
  5600 | D:5      | Gained mutation: You have hoof-like feet. [demonic
                  | ancestry]
  5600 | D:5      | Reached XP level 8. HP: 23/61 MP: 10/10
  6077 | D:6      | Reached * piety under Nemelex Xobeh
  6262 | D:6      | Reached skill level 5 in Fighting
  6462 | D:6      | Received a gift from Nemelex Xobeh
  7299 | D:7      | Reached XP level 9. HP: 65/69 MP: 12/12
  7423 | D:7      | Reached ** piety under Nemelex Xobeh
  7454 | D:6      | Reached skill level 5 in Invocations
  7454 | D:6      | Reached skill level 5 in Evocations
  7655 | D:7      | Found a snail-covered altar of Cheibriados.
  7764 | D:7      | Identified the +1 leather armour of the Sky {rPois Str+4
                  | Dex-2 SInv}
  7963 | D:7      | Reached skill level 5 in Maces & Flails
  8160 | D:7      | Noticed a death knight
  8463 | D:7      | Killed a death knight
  8703 | D:7      | Reached skill level 5 in Armour
  8706 | D:7      | Gained mutation: You have hooves in place of feet. [demonic
                  | ancestry]
  8706 | D:7      | Reached XP level 10. HP: 77/77 MP: 14/14
  8723 | D:7      | Got Kikubaaqudgha's Guide on Creative Sinister Rites
  8865 | D:7      | Identified the +8 scale mail "Yckom" {Harm}
  8894 | D:8      | Noticed Erica
  8913 | D:8      | Noticed Harold
  9925 | D:8      | Killed Erica
  9926 | D:8      | Reached skill level 1 in Dodging
 10194 | D:8      | Found Tutuas's Demolitions Depot.
 10220 | D:8      | Noticed Grum
 10716 | D:8      | Killed Grum
 10827 | D:8      | Found a runed translucent gate.
 10827 | D:8      | Found a runed translucent gate.
 10827 | D:8      | Found a runed translucent gate.
 10831 | D:8      | Noticed bronco's ghost (journeyman HuMo)
 11102 | D:8      | Noticed a manticore
 11117 | D:8      | Killed a manticore
 11118 | D:8      | Reached skill level 1 in Polearms
 11118 | D:8      | Reached skill level 5 in Throwing
 11182 | D:8      | Noticed Joseph
 11188 | D:8      | Noticed Joseph
 11188 | D:8      | Joseph changed into Joseph the tengu
 11200 | D:8      | Killed Joseph the tengu
 11298 | D:8      | Noticed a purple ugly thing
 11351 | D:7      | Killed a purple ugly thing
 11833 | D:8      | Killed Harold
 12044 | D:8      | Found a viscous altar of Jiyva.
 12231 | D:9      | Reached XP level 11. HP: 81/86 MP: 16/16
 12305 | D:9      | Received a gift from Nemelex Xobeh
 12389 | D:9      | Found Derolici's Antique Weapon Boutique.
 12407 | D:9      | Bought a warped mace for 216 gold pieces
 12407 | D:9      | Identified the +9 mace of Foul Odours {flame, Str+2} (You
                  | bought it in a shop on level 9 of the Dungeon)
 12955 | D:10     | Entered Level 10 of the Dungeon
 13042 | D:10     | Reached *** piety under Nemelex Xobeh
 13057 | D:10     | Received a gift from Nemelex Xobeh
 13101 | D:10     | Reached skill level 5 in Shields
 14280 | D:11     | Found a staircase to the Lair.
 14427 | D:11     | Noticed a purple ugly thing
 14428 | D:11     | Found a transporter.
 14429 | D:11     | Noticed a brown ugly thing
 14430 | D:11     | Found a corrupted altar of Lugonu.
 14430 | D:11     | Noticed a brown ugly thing
 14430 | D:11     | Noticed a red ugly thing
 14681 | D:11     | Noticed a red ugly thing
 14682 | D:11     | Noticed a swamp dragon
 14683 | D:11     | Found a transporter.
 14736 | Lair:1   | Entered Level 1 of the Lair of Beasts
 14912 | Lair:1   | Reached **** piety under Nemelex Xobeh
 15087 | Lair:1   | Found a sparkling altar of Nemelex Xobeh.
 15355 | Lair:1   | Gained mutation: Spells you cast may paralyse nearby
                  | enemies. [demonic ancestry]
 15355 | Lair:1   | Reached XP level 12. HP: 90/95 MP: 18/18
 16437 | Lair:2   | Noticed a four-headed hydra
 16448 | Lair:2   | Killed a four-headed hydra
 16640 | Lair:2   | Received a gift from Nemelex Xobeh
 16954 | Lair:2   | Noticed a five-headed hydra
 16970 | Lair:2   | Killed a five-headed hydra
 17512 | Lair:2   | Reached skill level 5 in Dodging
 17729 | Lair:3   | Noticed a boulder beetle
 17738 | Lair:3   | Killed a boulder beetle
 17868 | Lair:3   | Found a staircase to the Snake Pit.
 17897 | Lair:3   | Noticed Gastronok
 17908 | Lair:3   | Killed Gastronok
 18774 | Lair:3   | Received a gift from Nemelex Xobeh
 19022 | Lair:3   | Reached skill level 10 in Invocations
 19022 | Lair:3   | Gained mutation: You are partially covered in slimy green
                  | scales. (AC +2) [demonic ancestry]
 19022 | Lair:3   | Reached XP level 13. HP: 103/103 MP: 20/20
 19270 | Lair:4   | Reached skill level 10 in Fighting
 19279 | Lair:4   | Found a staircase to the Shoals.
 20473 | Lair:5   | Received a gift from Nemelex Xobeh
 21049 | Lair:5   | Reached ***** piety under Nemelex Xobeh
 21051 | Lair:5   | Received a gift from Nemelex Xobeh
 21709 | Lair:5   | Found a viscous altar of Jiyva.
 21709 | Lair:5   | Found a staircase to the Slime Pits.
 21844 | Lair:6   | Entered Level 6 of the Lair of Beasts
 21903 | Lair:6   | Reached skill level 10 in Shields
 21925 | Lair:6   | Received a gift from Nemelex Xobeh
 22500 | Lair:6   | Gained mutation: You are mostly covered in slimy green
                  | scales. (AC +3) [demonic ancestry]
 22500 | Lair:6   | Reached XP level 14. HP: 95/111 MP: 22/22
 22943 | Lair:6   | Received a gift from Nemelex Xobeh
 23390 | Lair:6   | Found a runed translucent door.
 24717 | D:12     | Found a staircase to the Orcish Mines.
 24857 | D:12     | Noticed Sonja
 24861 | D:12     | Killed Sonja
 24953 | D:12     | Received a gift from Nemelex Xobeh
 26445 | D:13     | Found a transporter.
 26450 | D:13     | Noticed cbfl8's ghost (journeyman MiBe)
 26456 | D:13     | Found a bloodstained altar of Trog.
 26466 | D:13     | Found a transporter.
 26799 | D:13     | Received a gift from Nemelex Xobeh
 26862 | D:13     | Identified the -1 hand axe of Overwhelming Force {pain,
                  | Drain rElec Str+7 Stlth-}
 27170 | D:13     | Identified the +2 helmet of Jel Poh {Str+5}
 27533 | D:14     | Received a gift from Nemelex Xobeh
 27591 | D:14     | Noticed an ironbound preserver
 27637 | D:14     | Killed an ironbound preserver
 27781 | D:14     | Found a gate to the Vaults.
 27965 | D:14     | Noticed a sphinx
 27974 | D:14     | Killed a sphinx
 28097 | D:14     | Reached skill level 10 in Maces & Flails
 28303 | D:14     | Found an iron altar of Okawaru.
 28915 | D:15     | Entered Level 15 of the Dungeon
 28942 | D:15     | Gained mutation: You regenerate health from kills. [demonic
                  | ancestry]
 28942 | D:15     | Reached XP level 15. HP: 103/120 MP: 23/23
 29098 | D:15     | Received a gift from Nemelex Xobeh
 29494 | D:15     | Found a staircase to the Depths.
 29929 | D:15     | Paralysed by an ogre mage for 7 turns
 30918 | Orc:1    | Entered Level 1 of the Orcish Mines
 30926 | D:12     | Demolished by an ettin

Illustrated notes

Levels and vault maps discovered:
D:1:      lightli_arrival_windingriver, layout_loops_ring
D:2:      layout_basic, hellmonk_ecumenical_altar_arch_garden
D:3:      layout_basic, ebering_ghost_disaster_area, minmay_close_crescents,
          uniq_robin, uniq_natasha
D:4:      layout_cave_pools, amethyst_overflow_temple_binary,
          mainiacjoe_overflow_alcove_1, elyvilon_altar_1
D:5:      lemuel_ratsnest, layout_basic, nicolae_qazlal_scattered_showers,
          minmay_temple_entry_stoned_glass, minmay_quadrilaterals,
          uniq_prince_ribbit1, uniq_crazy_yiuf_cottage
D:6:      layout_rooms
D:7:      kennysheep_windowed_halls, layout_basic, slow_altar_1,
          mrwooster_statue_mirror, kennysheep_generic_room_11
D:8:      layout_cave_pools, gammafunk_ghost_ooze,
          chequers_serial_rivers_small_3, chequers_serial_rivers_room_a,
          skrybe_limestone_x, nicolae_blasting_shop, hangedman_decor_riveting,
          minmay_manual_mandibuliform, uniq_joseph, uniq_erica, uniq_grum,
          uniq_harold
D:9:      layout_roguey [special_room_orc], serial_shops, shop
D:10:     layout_irregular_city
D:11:     gammafunk_corrupted_shrine, layout_loops_ring, erik_lair_island,
          kennysheep_nondescript
D:12:     layout_rooms, orc_0_dummy, serial_corexii_hall,
          chequers_hall_statues_wall_a, corexii_hall_statues_s,
          chequers_hall_statues_wall_a, uniq_sonja
D:13:     layout_cave_pods, gammafunk_ghost_wrathful_warriors,
          palyth_stone_intersect, einodemon_armed_red_devil_minivault
D:14:     minmay_mutant_horseshoe, layout_rooms,
          skrybe_vaults_entry_preservation, okawaru_trees_1
D:15:     gammafunk_enter_depths_forms, layout_cave_pods, zin_angel
Temple:   kb_temple_of_zot
Lair:1:   layout_cave_pods, basic_altar, beast_lair_carwin_1,
          serial_bayou_shore_a, serial_bayou_shore_b, grunt_megastairs_2
Lair:2:   layout_misc_corridors, grunt_megastairs_1
Lair:3:   layout_small_grid, guppyfry_snake_entry_garden,
          chequers_serial_rivers_small_3, chequers_serial_rivers_room_b,
          beast_lair_carwin_2, serial_bayou_shore_b, uniq_gastronok
Lair:4:   layout_cellular_growth, elwin_shoals_entry_stream, special_room
          [special_room_mythical_zoo], nicolae_quartered_pool_impasse
Lair:5:   layout_regular_city, dpeg_slime_entry_enclosed_altar, st_stairs_8
Lair:6:   wormcave, layout_small_grid, special_room [special_room_bee],
          grunt_forest_small_clearings, serial_bayou_shore_b,
          grunt_megastairs_5, lemuel_fruit_tree
Orc:1:    layout_caves

Skill      XL: |  1  2  3  4  5  6  7  8  9 10 11 12 13 14 15 |
---------------+----------------------------------------------+-----
Fighting       | 2 3 4 5 6 8 9 10 11 12 | 12.2
Maces & Flails | 1 2 3 4 5 6 7 8 9 10 | 10.5
Shields        | 1 2 3 4 6 8 10 11 | 11.6
Evocations     | 4 5 6 7 8 |  8.5
Throwing       | 1 2 3 4 5 6 7 8 9 |  9.4
Armour         | 2 3 5 6 7 8 9 |  9.7
Invocations    | 3 4 6 8 10 11 12 | 12.4
Dodging        | 3 4 5 6 7 |  7.7
Polearms       | 2 |  2.8
Stealth        | |  0.8

Action                   |  1- 3 |  4- 6 |  7- 9 | 10-12 | 13-15 || total
-------------------------+-------+-------+-------+-------+-------++-------
Melee: Club              |    20 |       |       |       |       ||    20
       Short sword       |    18 |       |       |       |       ||    18
       Mace              |    92 |   137 |   263 |   429 |   507 ||  1428
       Kick              |    20 |    27 |    69 |   149 |   216 ||   481
       Great mace        |       |       |     6 |    23 |   136 ||   165
       Glaive            |       |       |       |    49 |       ||    49
       Unarmed           |       |       |       |     1 |       ||     1
 Fire: Hunting sling     |       |    11 |       |       |     3 ||    14
Throw: Dart              |     7 |    34 |    58 |   210 |   161 ||   470
       Boomerang         |       |     9 |    33 |    13 |       ||    55
       Throwing net      |       |       |       |     3 |       ||     3
       Javelin           |       |       |       |    41 |    98 ||   139
Invok: Draw Destruction  |       |       |     9 |    15 |    26 ||    50
       Draw Summoning    |       |       |     3 |     2 |    10 ||    15
       Draw Escape       |       |       |     1 |     2 |     7 ||    10
       Triple Draw       |       |       |       |     1 |     1 ||     2
       Deal Four         |       |       |       |       |    11 ||    11
       Draw Stack        |       |       |       |       |     5 ||     5
       Stack Five        |       |       |       |       |     1 ||     1
Evoke: Wand              |    16 |    12 |    19 |    32 |    58 ||   137
       Piece from Xom's  |     1 |     3 |    13 |     2 |       ||    19
       Phantom mirror    |       |       |       |     2 |     4 ||     6
  Use: Scroll            |     4 |     3 |    11 |    11 |    19 ||    48
       Potion            |       |     5 |     4 |    13 |    22 ||    44
 Stab: Betrayed ally     |       |     1 |       |       |       ||     1
       Petrified         |       |     3 |     8 |       |       ||    11
       Paralysed         |       |       |     5 |       |       ||     5
       Invisible         |       |       |       |     2 |     2 ||     4
       Sleeping          |       |       |       |     1 |       ||     1
Armor: Leather armour    |    15 |       |       |    39 |    68 ||   122
       Scale mail        |    54 |    44 |       |    57 |       ||   155
       Plate armour      |       |    24 |   167 |    90 |   306 ||   587
       Skin              |       |       |    14 |     9 |    18 ||    41
Dodge: Dodged            |    79 |    41 |    46 |   240 |   367 ||   773
Block: Buckler           |     6 |    45 |   110 |       |       ||   161
       Kite shield       |       |       |       |   274 |   353 ||   627
       Tower shield      |       |       |       |    12 |       ||    12
